 Dungeon Crawl Stone Soup version 0.26-a0-639-g72c4674329 (webtiles) character file.

Game seed: 14650258443692601937

89556 Borgoz the Basher (level 15, 0/98 HPs)
             Began as a Gargoyle Berserker on Sept 20, 2020.
             Was a High Priest of Trog.
             Slain by Xanase's ghost (17 damage)
             ... on level 1 of the Orcish Mines.
             The game lasted 00:42:50 (22965 turns).

Borgoz the Basher (Gargoyle Berserker)             Turns: 22965, Time: 00:42:51

Health: 0/98       AC: 22    Str: 22    XL:     15   Next: 97%
Magic:  15/15      EV: 20    Int:  9    God:    Trog [*****.]
Gold:   1573       SH:  0    Dex: 13    Spells: 14/14 levels left

rFire    + . .     SeeInvis .   a - +3 morningstar (freeze)
rCold    . . .     Faith    +   (no shield)
rNeg     + . .     Spirit   .   E - +0 troll leather armour
rPois    ∞         Reflect  .   C - +1 helmet
rElec    +         Harm     .   (no cloak)
rCorr    .         Rampage  .   (no gloves)
MR       +++..                  u - +1 pair of boots {run}
Stlth    +.........             H - amulet of faith
HPRegen  0.66/turn              F - ring of protection from fire
MPRegen  0.14/turn              f - ring "Saokasm" {rPois MR++}

@: berserk cooldown, flying, slowed, very slow
A: big wings, negative energy resistance 1, electricity resistance, unbreathing,
petrification resistance, rot immunity, AC +11
a: Stop Flying, Berserk, Trog's Hand, Brothers in Arms, Renounce Religion


You were on level 1 of the Orcish Mines.
You worshipped Trog.
Trog was extremely pleased with you.
You visited 3 branches of the dungeon, and saw 17 of its levels.
You visited the Abyss 1 time.
You also visited: Ossuary and Bailey.

You collected 1625 gold pieces.
You spent 52 gold pieces at shops.

Inventory:

Hand Weapons
 a - a +3 morningstar of freezing (weapon)
Armour
 u - a +1 pair of boots of running (worn)
 C - a +1 helmet (worn)
 E - a +0 troll leather armour (worn)
Jewellery
 f - the ring "Saokasm" (right hand) {rPois MR++}
   (You found it on level 1 of the Lair of Beasts)

   [ring of poison resistance]

   It protects you from poison.
   It affects your resistance to hostile enchantments.
 v - an uncursed ring of protection from cold
 x - an uncursed ring of resist corrosion
 F - a ring of protection from fire (left hand)
 H - an amulet of faith (around neck)
Wands
 d - a wand of iceblast (2)
 e - a wand of digging (8)
 z - a wand of flame (41)
 A - a wand of acid (8)
 B - a wand of paralysis (11)
 G - a wand of enslavement (13)
 I - a wand of disintegration (12)
Scrolls
 b - 7 scrolls of remove curse
 c - 5 scrolls of magic mapping
 l - 4 scrolls of blinking
 n - 3 scrolls of enchant armour {unknown}
 o - 11 scrolls of teleportation
 r - a scroll of brand weapon
 s - 2 scrolls of noise {unknown}
 t - 2 scrolls of immolation {unknown}
 y - a scroll of enchant weapon
 D - a scroll of acquirement {unknown}
Potions
 g - 8 potions of stabbing
 h - 4 potions of mutation
 i - 10 potions of curing
 m - 2 potions of heal wounds
 p - a potion of berserk rage
 q - 4 potions of haste
 w - 2 potions of cancellation


   Skills:
 + Level 13.0 Fighting
 - Level 14.0 Maces & Flails
 + Level 12.7 Armour
 * Level 13.1 Dodging


You had 14 spell levels left.
You didn't know any spells.
Your spell library was empty.

Dungeon Overview and Level Annotations

Branches:
Dungeon (10/15)            Temple (0/1) D:4            Lair (6/6) D:9
 Shoals (0/4) Lair:3        Snake (0/4) Lair:2        Slime (0/5) Lair:5
    Orc (1/2) D:9         Ossuary (visited)          Bailey (visited)

Altars:
Ashenzari
Fedhas
Gozag
Hepliaklqana
Kikubaaqudgha
Makhleb
Ru
Sif Muna
Vehumet
Xom
Yredelemnul
Beogh
Jiyva

Shops:
D:6 }((}   D:7 =   Orc:1 ?=:(

Annotations:
D:10 1 runed translucent door
Orc:1 Bepum's ghost, journeyman MiFi; Recha's ghost, journeyman MiBe; Xanase's ghost, journeyman DDFi


Innate Abilities, Weirdness & Mutations

You are resistant to torment.
Your stone body is resilient. (AC +11)
You are immune to poison.
Your large and strong wings let you fly indefinitely.
You resist negative energy. (rN+)
You are resistant to electric shocks. (rElec)
You can survive without breathing.
You are immune to petrification.
You are immune to rotting.


Message History

You are too injured to fight recklessly!
You hit Noergh's ghost but do no damage.
Noergh's ghost is almost destroyed.
Bepum's ghost completely misses you.
You impale Noergh's ghost!! You freeze Noergh's ghost.
You destroy Noergh's ghost!
Trog accepts your kill. Xanase's ghost barely misses you.
You are no longer berserk.
You are exhausted.
You feel yourself slow down. Bepum's ghost completely misses you.
You barely miss Bepum's ghost.
Xanase's ghost hits you but does no damage.
Bepum's ghost hits you!
Okay, then.
Your deep troll goes berserk!
Xanase's ghost hits you. Bepum's ghost hits you!
* * * LOW HITPOINT WARNING * * *
Xanase's ghost hits you!
You die...

............................#
...........................##
............................#
...........................##
....#......................#
.....................#..#..##
............................#
............................## #
.....####'''####@W....##.....# ##
.....#).....W.|#.W...####....# #.
#..#.#8.......8#..T...# ###^## #.
.##..#}........#.....### ##.###.
.....#[.......?#.......## #......
.....##8.....8##........####.....
......##).⌠..##......)...###.#...
###....####***##.........##......
# ###.....## #.........##......


You could see Bepum's ghost, Xanase's ghost and a friendly deep troll (summoned,
berserk).

Vanquished Creatures
  An orc warlord (Bailey)
  5 dire elephants (Lair:6)
  The ghost of Noergh the Severer, a journeyman DsGl of Makhleb (Orc:1)
  A fire dragon (Lair:4)
  Josephine (Lair:4)
  11 hydras
  Erica (Orc:1)
  An anaconda (Lair:6)
  A two-headed ogre (D:10)
  Urug (D:10)
  4 black mambas
  14 elephants
  Maggie (D:10)
  11 cane toads
  6 komodo dragons
  16 rime drakes
  A polar bear (Lair:2)
  A large abomination (Abyss:3)
  6 dream sheep (Lair:6)
  9 blink frogs
  3 raiju (Abyss:3)
  10 hippogriffs
  A slime creature (D:10)
  9 wyverns
  3 wraiths (Lair:4)
  A basilisk (Lair:5)
  28 yaks
  11 steam dragons
  2 nagas (Lair:2)
  An acid dragon (D:10)
  A small abomination (Lair:5)
  2 wargs (Orc:1)
  A hell hound (Lair:5)
  20 water moccasins
  10 porcupines
  A black bear (Lair:1)
  3 ice beasts
  3 ogres
  7 orc warriors
  7 wolves
  4 centaurs
  9 crocodiles
  Blork the orc (D:4)
  An elf zombie (Ossuary)
  21 bullfrogs
  2 scorpions (D:9)
  14 killer bees
  3 howler monkeys (D:8)
  14 wights
  4 electric eels
  2 bullfrog zombies
  A quasit (D:8)
  2 centaur zombies (Ossuary)
  5 orc priests
  4 hounds
  8 jellies
  16 orc wizards
  2 centaur skeletons
  A bullfrog skeleton (D:8)
  2 iguanas
  7 worker ants
  Ijyb (D:5)
  3 big kobold zombies (Ossuary)
  A hound zombie (D:8)
  A hound skeleton (D:4)
  3 mummies
  11 adders
  A white imp (D:9)
  2 ufetubi
  An ooze (Lair:5)
  3 worms
  2 adder skeletons
  An adder zombie (D:7)
  4 leopard geckos
  50 orcs
  8 giant cockroaches
  14 goblins
  7 hobgoblins
  13 jackals
  6 quokkas
  2 ball pythons
  A ball python zombie (D:3)
  5 bats
  8 frilled lizards
  3 gnoll zombies (Ossuary)
  A goblin zombie (Ossuary)
  4 hobgoblin zombies (Ossuary)
  2 jackal zombies
  25 kobolds
  A leopard gecko zombie (D:8)
  5 rats
529 creatures vanquished.

Vanquished Creatures (collateral kills)
  Rupert (Lair:4)
  The ghost of Qeorph the Fighter, a journeyman FoAK of Lugonu (Lair:5)
  A hydra (Lair:5)
  A torpor snail (Lair:5)
  2 rime drakes (Lair:5)
  4 hippogriffs (Lair:5)
  2 wyverns (Lair:5)
  4 basilisks (Lair:5)
  2 wolves (Lair:4)
  A crocodile (Lair:4)
19 creatures vanquished.

Vanquished Creatures (others)
  A bush (Lair:2)
  29 fungi
  64 plants
  2 withered plants (Orc:1)
96 creatures vanquished.

Grand Total: 644 creatures vanquished

Notes
Turn   | Place    | Note
-------+----------+-------------------------------------------
     0 | D:1      | Borgoz the Gargoyle Berserker began the quest for the Orb.
     0 | D:1      | Reached XP level 1. HP: 14/14 MP: 1/1
   420 | D:1      | Reached XP level 2. HP: 19/19 MP: 2/2
  1100 | D:2      | Reached XP level 3. HP: 22/24 MP: 3/3
  1476 | D:2      | Reached ** piety under Trog
  1908 | D:3      | Reached XP level 4. HP: 29/29 MP: 4/4
  2113 | D:3      | Reached XP level 5. HP: 33/33 MP: 5/5
  2657 | D:3      | Found a burning altar of Makhleb.
  2657 | D:3      | Noticed a green death
  2794 | D:4      | Reached *** piety under Trog
  2794 | D:4      | Reached skill level 4 in Maces & Flails
  2814 | D:4      | Reached XP level 6. HP: 15/39 MP: 6/6
  2856 | D:4      | Noticed Blork the orc
  2863 | D:4      | Killed Blork the orc
  2867 | D:4      | Found a sand-covered staircase.
  2890 | D:4      | Reached skill level 5 in Fighting
  2935 | Ossuary  | Entered an ossuary
  2958 | Ossuary  | Reached XP level 7. HP: 44/44 MP: 7/7
  3174 | D:4      | Found a radiant altar of Vehumet.
  3239 | D:4      | Found a shimmering blue altar of Sif Muna.
  3444 | D:4      | Found a sacrificial altar of Ru.
  3449 | D:4      | Reached skill level 5 in Maces & Flails
  3872 | D:4      | Reached skill level 5 in Armour
  3985 | D:4      | Found a staircase to the Ecumenical Temple.
  4008 | D:5      | Entered Level 5 of the Dungeon
  4237 | D:5      | Reached XP level 8. HP: 46/51 MP: 8/8
  4244 | D:5      | Reached **** piety under Trog
  4504 | D:5      | Noticed Ijyb
  4515 | D:5      | Killed Ijyb
  4808 | D:5      | Found a shattered altar of Ashenzari.
  5371 | D:6      | Found a shimmering altar of Xom.
  5418 | D:6      | Found Elycsick's Gadget Shop.
  5453 | D:6      | Found Yhofasai's Weapon Boutique.
  5740 | D:6      | Reached skill level 6 in Maces & Flails
  5783 | D:6      | Found Lumikuce's Antique Weapon Emporium.
  5798 | D:6      | Found Iphy Tie's Gadget Boutique.
  5897 | D:6      | Found a hazy altar of Hepliaklqana.
  6085 | D:7      | Reached XP level 9. HP: 32/57 MP: 9/9
  6282 | D:7      | Reached skill level 5 in Dodging
  6788 | D:7      | Found Kyawyso's Jewellery Shop.
  6819 | D:7      | Reached skill level 7 in Maces & Flails
  7205 | D:7      | Found a blossoming altar of Fedhas.
  7207 | D:7      | Found an ancient bone altar of Kikubaaqudgha.
  7627 | D:8      | Reached XP level 10. HP: 59/64 MP: 10/10
  7703 | D:8      | Reached skill level 8 in Maces & Flails
  7803 | D:8      | Reached ***** piety under Trog
  7853 | D:8      | Found an opulent altar of Gozag.
  7853 | D:8      | Found a basalt altar of Yredelemnul.
  8937 | D:9      | Found a staircase to the Lair.
  9116 | D:9      | Found a staircase to the Orcish Mines.
  9522 | D:10     | Entered Level 10 of the Dungeon
  9557 | D:10     | Noticed Maggie
  9569 | D:10     | Killed Maggie
  9653 | D:10     | Noticed a two-headed ogre
  9666 | D:10     | Killed a two-headed ogre
  9666 | D:10     | Reached skill level 9 in Maces & Flails
  9704 | D:10     | Received a gift from Trog
  9732 | D:10     | Found a burning altar of Makhleb.
  9995 | D:10     | Found a runed translucent door.
  9996 | D:10     | Noticed a deep elf mage
  9996 | D:10     | Noticed a two-headed ogre
 10154 | D:10     | Reached XP level 11. HP: 69/69 MP: 11/11
 10237 | D:10     | Noticed Urug
 10246 | D:10     | Killed Urug
 10673 | D:10     | Noticed a death knight
 10674 | D:10     | Noticed a cyclops
 10680 | D:10     | HP: 3/71 [death knight/+0 glaive (25)]
 10995 | Lair:1   | Entered Level 1 of the Lair of Beasts
 11412 | Lair:1   | Reached skill level 10 in Maces & Flails
 12219 | Lair:1   | Got a sparkling bone ring
 12221 | Lair:1   | Identified the ring "Saokasm" {rPois MR++} (You found it on
                  | level 1 of the Lair of Beasts)
 13085 | Lair:2   | Found a staircase to the Snake Pit.
 13132 | Lair:2   | Reached XP level 12. HP: 48/77 MP: 12/12
 13150 | Lair:2   | Reached skill level 10 in Fighting
 13150 | Lair:2   | Reached skill level 11 in Maces & Flails
 13606 | Lair:2   | Found the +8 whip "Snakebite" {curare, rPois}
 14411 | Lair:3   | Reached skill level 10 in Armour
 14420 | Lair:3   | Found a staircase to the Shoals.
 14721 | Lair:3   | Received a gift from Trog
 15170 | Lair:4   | Noticed Rupert
 15195 | Lair:4   | Reached skill level 10 in Dodging
 15210 | Lair:4   | Killed Rupert
 15210 | Lair:4   | Reached skill level 12 in Maces & Flails
 15556 | Lair:4   | Reached XP level 13. HP: 67/84 MP: 13/13
 15807 | Lair:4   | Noticed Josephine
 15823 | Lair:4   | Killed Josephine
 16705 | Lair:4   | Noticed a fire dragon
 16722 | Lair:4   | Killed a fire dragon
 16848 | Lair:4   | Identified a +1 pair of boots of running (You found it on
                  | level 4 of the Lair of Beasts)
 17133 | Lair:5   | Reached skill level 13 in Maces & Flails
 17163 | Lair:5   | Found a runed translucent door.
 17167 | Lair:5   | Found a viscous altar of Jiyva.
 17196 | Lair:5   | Noticed Qeorph's ghost (journeyman FoAK)
 17253 | Lair:5   | Found a runed translucent gate.
 17253 | Lair:5   | Found a runed translucent gate.
 17254 | Lair:5   | Found a runed translucent gate.
 18157 | Lair:5   | Found a staircase to the Slime Pits.
 18211 | Lair:5   | Cast into level 3 of the Abyss (Qeorph's ghost)
 18263 | Abyss:3  | Gained mutation: Your large and strong wings let you fly
                  | indefinitely. [Gargoyle growth]
 18263 | Abyss:3  | Reached XP level 14. HP: 90/90 MP: 14/14
 18315 | Abyss:3  | Noticed a profane servitor
 18317 | Abyss:3  | Noticed an angel
 18357 | Abyss:4  | Found a corrupted altar of Lugonu.
 18387 | Lair:5   | Escaped the Abyss
 18390 | Lair:5   | HP: 4/91 [small abomination (5)]
 18740 | Lair:5   | Killed Qeorph's ghost
 19008 | Lair:6   | Entered Level 6 of the Lair of Beasts
 19074 | Lair:6   | HP: 6/136 [elephant (10)]
 19075 | Lair:6   | HP: 2/136 [dream sheep (5)]
 19710 | Lair:6   | Reached skill level 14 in Maces & Flails
 21029 | Lair:6   | Noticed a dire elephant
 21029 | Lair:6   | Noticed a dire elephant
 21091 | Lair:6   | Noticed a dire elephant
 21100 | Lair:6   | Killed a dire elephant
 21205 | Lair:6   | Killed a dire elephant
 21216 | Lair:6   | Killed a dire elephant
 21318 | Lair:6   | Noticed a dire elephant
 21331 | Lair:6   | Killed a dire elephant
 21416 | Lair:6   | Noticed a dire elephant
 21430 | Lair:6   | Killed a dire elephant
 21709 | Orc:1    | Entered Level 1 of the Orcish Mines
 21709 | Orc:1    | Found Rososyla's Jewellery Boutique.
 21726 | Orc:1    | Found Pejo Tuf's Magic Scroll Emporium.
 21734 | Orc:1    | Bought a scroll of identify for 26 gold pieces
 21734 | Orc:1    | Bought a scroll of identify for 26 gold pieces
 21762 | Orc:1    | Found Uqaiqar's Book Emporium.
 21776 | Orc:1    | Found a roughly hewn altar of Beogh.
 21803 | Orc:1    | Found a flagged portal.
 21849 | Bailey   | Entered a bailey
 21854 | Bailey   | Noticed an orc warlord
 21934 | Bailey   | Found a runed translucent gate.
 21935 | Bailey   | Found a runed translucent gate.
 21937 | Bailey   | Found a runed translucent gate.
 22133 | Bailey   | Killed an orc warlord
 22172 | Bailey   | Reached XP level 15. HP: 98/98 MP: 15/15
 22186 | Orc:1    | Found Gytisee's Weapon Boutique.
 22205 | Orc:1    | Noticed Erica
 22217 | Orc:1    | Killed Erica
 22217 | Orc:1    | Reached ****** piety under Trog
 22236 | Orc:1    | Found a runed translucent gate.
 22236 | Orc:1    | Found a runed translucent gate.
 22236 | Orc:1    | Found a runed translucent gate.
 22238 | Orc:1    | Noticed Bepum's ghost (journeyman MiFi)
 22238 | Orc:1    | Noticed Xanase's ghost (journeyman DDFi)
 22238 | Orc:1    | Noticed Recha's ghost (journeyman MiBe)
 22238 | Orc:1    | Noticed Noergh's ghost (journeyman DsGl)
 22962 | Orc:1    | Killed Noergh's ghost
 22965 | Orc:1    | Slain by Xanase's ghost

Illustrated notes

Levels and vault maps discovered:
D:1:      elethiomel_arrival_shortcut, layout_basic, item_on_display_a
D:2:      layout_loops_ring
D:3:      layout_loops_cross, makhleb_altar_promises_db
D:4:      layout_basic, lemuel_doored_altar, led_sif_book,
          nicolae_ru_great_annihilating_truth, minmay_temple_entry_glassed_door,
          gup_ossuary_entry_pyramid, uniq_blork_the_orc
D:5:      layout_gridville, nicolae_overflow_hidden_temple, marbit_many_paths,
          chequers_serial_rivers_micro_e, kennysheep_nondescript, uniq_ijyb
D:6:      layout_loops_ring, lemuel_coloured_pillars_altar,
          overflow_temple_1_default, serial_shops, kennysheep_little_box, shop,
          shop_fountains, nicolae_shop_behind_doors
D:7:      layout_rooms, grunt_temple_overflow_growth_and_decay, serial_shops,
          shop
D:8:      layout_basic, gammafunk_temple_overflow_wave, serial_bayou_pond_c
D:9:      layout_big_octagon, grunt_lair_entry_orc_guard_hut, serial_glass,
          glass_columns_a, glass_columns_b
D:10:     minmay_the_grid_four_pointed_star
          [minmay_the_grid_triangle_9x9_zippers_vertical,
          minmay_the_grid_triangle_9x9_odd_lines,
          minmay_the_grid_triangle_9x9_fully_insulated_deathbox,
          minmay_the_grid_triangle_9x9_impossible_snake,
          minmay_the_grid_prize_big_room], layout_basic, minmay_ruined_shrine,
          uniq_maggie, uniq_joseph, uniq_urug
Lair:1:   layout_cave_pods, grunt_megastairs_4, serial_bayou_shore_a
Lair:2:   minmay_guarded_unrand_snakebite, layout_long_grid,
          guppyfry_snake_entry_garden
Lair:3:   layout_gridlike, shoals_dummy_entry
Lair:4:   layout_roguey, bobbens_dragon_lair_wall, uniq_rupert, uniq_josephine
Lair:5:   layout_misc_corridors, slime_altar_2, special_room
          [special_room_mythical_zoo], gammafunk_ghost_split,
          serial_bayou_pond_c
Lair:6:   due_jungle_book, layout_loops_ring, minivault_27, serial_bayou_pond_b
Orc:1:    layout_diamond_mine, enter_bailey_3, serial_shops,
          nicolae_shop_competitors_out_of_business, nicolae_shop_statue_plus,
          nicolae_shop_crystal, nicolae_shop_crystal, gammafunk_ghost_cemetery,
          mines1_david, uniq_erica

Skill      XL: |  1  2  3  4  5  6  7  8  9 10 11 12 13 14 |
---------------+-------------------------------------------+-----
Dodging        | 2 3 4 6 7 9 10 11 13 | 13.1
Armour         | 3 4 5 6 7 8 9 10 11 12 | 12.7
Fighting       | 4 5 7 8 9 10 11 13 | 13.0
Maces & Flails | 4 5 6 7 9 10 12 13 14 | 14.0

Action                   |  1- 3 |  4- 6 |  7- 9 | 10-12 | 13-15 || total
-------------------------+-------+-------+-------+-------+-------++-------
Melee: Mace              |   125 |    37 |       |       |       ||   162
       Flail             |       |    55 |       |       |       ||    55
       Morningstar       |       |    76 |   518 |   640 |   788 ||  2022
Invok: Berserk           |     2 |     6 |     7 |     4 |    11 ||    30
       Trog's Hand       |       |     4 |     1 |     3 |     8 ||    16
       Brothers in Arms  |       |       |       |     1 |     4 ||     5
 Abil: Fly               |       |       |       |       |     1 ||     1
Evoke: Wand              |       |     1 |     4 |     3 |     1 ||     9
  Use: Scroll            |       |     6 |     6 |     8 |     8 ||    28
       Potion            |       |     1 |       |     5 |     3 ||     9
 Stab: Paralysed         |       |       |     2 |       |       ||     2
       Distracted        |       |       |       |     1 |       ||     1
Armor: Ring mail         |    56 |   123 |       |       |       ||   179
       Animal skin       |     2 |       |       |       |       ||     2
       Scale mail        |       |     5 |   419 |    61 |       ||   485
       Steam dragon scal |       |       |       |   204 |   370 ||   574
       Troll leather arm |       |       |       |       |    62 ||    62
Dodge: Dodged            |    86 |   132 |   474 |   532 |   823 ||  2047

Table legend: (Time is in decaauts)
 A = Elapsed time spent in this place.
 B = Non-inter-level travel time spent in this place.
 C = Inter-level travel time spent in this place.
 D = Time resting spent in this place.
 E = Time spent auto-exploring this place.
 F = Levels seen in this place.
 G = Mean time per level.
                   A        B        C        D        E       F      G
               +--------+--------+--------+--------+--------+-----+--------+
         Total |  22976 |  22167 |    809 |   5580 |  12495 |  21 | 1094.1 |
       Dungeon |  11078 |  10644 |    434 |   2412 |   6265 |  10 | 1107.8 |
          Lair |  10334 |  10043 |    291 |   2975 |   5469 |   6 | 1722.3 |
  Orcish Mines |    837 |    755 |     82 |     57 |    535 |   1 |  837.0 |
         Abyss |    178 |    178 |      0 |     70 |      0 |   2 |   89.0 |
       Ossuary |    240 |    240 |      0 |     44 |     87 |   1 |  240.0 |
        Bailey |    307 |    307 |      0 |     20 |    138 |   1 |  307.0 |
               +--------+--------+--------+--------+--------+-----+--------+

Top non-repeatable levels by time:
  Lair:6: 2415 daAuts
  Lair:4: 2030 daAuts
  Lair:1: 1746 daAuts
  Lair:5: 1703 daAuts
  Lair:2: 1392 daAuts
     D:7: 1314 daAuts
     D:8: 1300 daAuts
     D:6: 1240 daAuts
    D:10: 1232 daAuts
     D:9: 1199 daAuts
     D:1: 1173 daAuts
     D:4: 1078 daAuts
  Lair:3: 1047 daAuts
     D:3: 905 daAuts
     D:5: 861 daAuts
